Match 35206359
Unlisted

Match 35206359
End
Construct Section Command Post
Dingo Light Scout Car
Vickers Machine Gun Team
Infantry Section
Selects Heavy Armor Battlegroup
Dingo Light Scout Car
Infantry Section
Selects Light Vehicle Withdraw and Refit
Light Vehicle Withdraw and Refit
Construct Platoon Command Post
Unlock M3 Stuart Light Tanks
M3 Stuart Light Tank
Construct Field Infirmary
Infantry Section
M3 Stuart Light Tank
Infantry Training
Light Vehicle Withdraw and Refit
ML 3-inch Mortar Team
Selects Rigorous Vehicle Training
6-pounder Anti-tank Gun Team
Unlock Bishop Self-propelled Artillery
Bishop Self-propelled Artillery
go_kitkayu
Tango
Turtleboy
GoonLord
Yellowdurr
Macho Man
Sturmi
pandora517894518129
0
0

Comments sign in to comment!

No comments posted yet!